[Event "Late-Titled-Tuesday-Blitz-October-17-2023"]
[Site "Chess.com"]
[Date "2023.10.17"]
[Round "5"]
[White "Alphafischer2019"]
[Black "Tunahan_Makaraci"]
[Result "0-1"]
[WhiteElo "2568"]
[BlackElo "2359"]
[TimeControl "180+1"]
[EndTime "14:56:25 PDT"]
[Termination "Tunahan_Makaraci won by checkmate"]

1. e4 c5 2. Nf3 d6 3. g3 Nc6 4. Bg2 e5 5. O-O g6 6. d3 f5 7. exf5 Bxf5 8. Nh4 Be6 9. f4 Nge7 10. Nc3 Bg7 11.
fxe5 Bxe5 12. Bg5 Qd7 13. Bf6 Rf8 14. Bxe5 Nxe5 15. Rxf8+ Kxf8 16. d4 cxd4 17. Qxd4 N7c6 18. Rf1+ Kg8 19. Qf4 Qe7 20. Ne4 Rf8 21. Qxf8+ Qxf8 22. Rxf8+ Kxf8 23. Nxd6 Bxa2 24. Nxb7 Nb4 25. Be4 Bb1 26.
Nd6 Bxc2 27. Bxc2 Nxc2 28. Kf2 Nd3+ 29. Ke2 Nxb2 30. Kd2 Na3 31. Kc3 Nd1+ 32. Kb3 Nb1 33. Kc2 Nbc3 34. Nc4 Ke7 35. Nf3 Kd7 36. Ng5 h6 37.
Nf7 Kc6 38. Nxh6 Kc5 39. Ne5 a5 40. Nhg4 a4 41. Nd3+ Kb5 42. Nc1 Kb4 43. Ne5 g5 44. h4 gxh4 45. gxh4 Ne3+ 46. Kd3 Ned5 47. Kd4 Nf6 48.
Ned3+ Ka3 49. Kxc3 Nd5+ 50. Kd4 Ne7 51. h5 Nf5+ 52.
Ke5 Nh6 53. Nf4 Kb2 54. Nfd3+ Ka3 55. Nc5 Kb4 56. N1d3+ Kc4 57. Kf6 a3 58. Kg6 a2 59.
Nb3 Ng4 60. Nd2+ Kxd3 61. Nb3 Kc3 62. Na1 Kb2 63. Kg5 Ne5 64. Kf6 Nd7+ 65. Ke7 Kxa1 66. h6 Kb1 67. h7 a1=Q 68. Kxd7 Qh8 69. Ke7 Kc2 70. Kf7 Kd3 71. Kg6 Ke4 72. Kh6 Kf5 73.
Kh5 Qxh7# 0-1

[Event "Late-Titled-Tuesday-Blitz-October-17-2023"]
[Site "Chess.com"]
[Date "2023.10.17"]
[Round "5"]
[White "YouShallNotPass001"]
[Black "jup1978"]
[Result "1/2-1/2"]
[WhiteElo "2404"]
[BlackElo "2536"]
[TimeControl "180+1"]
[EndTime "14:56:26 PDT"]
[Termination "Game drawn - insufficient material"]

1. Nf3 e6 2. e3 d5 3. Be2 c5 4. O-O Nf6 5. c4 Be7 6. cxd5 Nxd5 7. b3 O-O 8. Bb2 Nc6 9. d3 b6 10. a3 Bb7 11. Nbd2 Bf6 12. Bxf6 Nxf6 13. Qc2 Rc8 14. Qb2 Ba6 15. Rfd1 Qc7 16. b4 cxb4 17. axb4 Bb5 18. Nb1 Qe7 19. Nc3 a6 20. Nxb5 axb5 21. Rab1 Nd5 22. d4 Ncxb4 23. Bxb5 Nc3 24. Qxb4 Qxb4 25.
Rxb4 Nxd1 26. g4 Rc1 27. Kg2 Nc3 28. Ba6 b5 29. Rb3 Rb8 30. Ne5 g6 31. Nd7 Ra8 32.
Bxb5 Ra2 33. Bd3 h6 34. Rb8+ Kg7 35. Rc8 Ne2 36. Rxc1 Nxc1 37. Bc4 Rc2 38. Nb6 Rb2 39. Nd7 Nb3 40. Bxb3 Rxb3 41. Ne5 Rb5 42. Nf3 f6 43. h3 Rb2 44. Kg3 g5 45. Ne1 Rd2 46. Nf3 Ra2 47.
Ne1 Ra1 48. Nd3 Kg6 49. Nc5 Rg1+ 50. Kh2 Rf1 51. Kg2 Ra1 52. Nxe6 f5 53. Nf8+ Kf7 54.
Nd7 f4 55. Ne5+ Ke6 56. exf4 gxf4 57. Nd3 Ra4 58. Nxf4+ Kf6 59. Nh5+ Kg5 60. Kg3 Rxd4 61.
f4+ Kg6 62. Kh4 Rd3 63. f5+ Kh7 64. Nf4 Ra3 65. Nd5 Rd3 66. Nf6+ Kg7 67. Ne4 Ra3 68. Nc5 Kf6 69. Nd7+ Ke7 70. Ne5 Kf6 71. Ng6 Rb3 72. Nf8 Ke7 73. Ne6 Kf6 74. Nf4 Ra3 75. Kh5 Rf3 76. Nd5+ Ke5 77. Ne7 Rxh3+ 78. Kg6 Kf4 79. f6 Kxg4 80. f7 Rf3 81. Ng8 Rxf7 82. Nxh6+ Kf4 83.
Nxf7 1/2-1/2

[Event "Late-Titled-Tuesday-Blitz-October-17-2023"]
[Site "Chess.com"]
[Date "2023.10.17"]
[Round "5"]
[White "jcibarra"]
[Black "vugarrasulov"]
[Result "1-0"]
[WhiteElo "2917"]
[BlackElo "2961"]
[TimeControl "180+1"]
[EndTime "14:56:43 PDT"]
[Termination "jcibarra won by checkmate"]

1. e4 e5 2. Nf3 Nc6 3. Nc3 Nf6 4. h3 Bb4 5. Nd5 Bd6 6. Nxf6+ Qxf6 7. Bc4 Qg6 8. d3 Bc5 9. O-O d6 10. Nh4 Qf6 11.
Nf3 Be6 12. Bxe6 fxe6 13. c3 O-O 14. Be3 Bb6 15. Bxb6 axb6 16. d4 Qg6 17. dxe5 dxe5 18. Qe2 Rf4 19. Nd2 Nd8 20. g3 Nf7 21. Kh2 Rf6 22. h4 h5 23. a4 Nd6 24. f3 Qf7 25. Kg2 Rg6 26. Kh2 Rf6 27. Kg2 Qd7 28. Nc4 Nf7 29. b3 Qc6 30. Rfd1 Nd6 31. Nxe5 Qxc3 32.
Nd3 Rf7 33. Rab1 Raf8 34. Rdc1 Qd4 35. Ne1 c5 36. Rd1 Qe5 37. Qb2 Qxb2+ 38. Rxb2 Ne8 39. Rbd2 Nc7 40. Rd6 b5 41. a5 Ra8 42. Rd8+ Rf8 43. Rxf8+ Kxf8 44. Rd7 Ne8 45. Rxb7 Rxa5 46. Nd3 c4 47.
Nc5 c3 48. Nxe6+ Kg8 49. Rb8 Kf7 50. Nd4 Nd6 51. Rb6 Ra2+ 52. Kh3 Ke7 53. Rxd6 Kxd6 54. Nxb5+ Ke5 55. Nxc3 Ra3 56. Nd5 Rxb3 57. Kg2 Rb2+ 58. Kh3 Kd4 59. Nf4 Rb5 60. Ne6+ Ke3 61. g4 Kxf3 62.
Nd4+ Kf4 63. Nxb5 hxg4+ 64. Kg2 Kxe4 65. Kg3 Kf5 66. Nd4+ Ke4 67. Ne6 Kf5 68. Ng5 g6 69. Nh7 Ke6 70. Kxg4 Kf7 71. Kg5 Kg7 72. Nf6 Kf7 73. Ng4 Kg7 74. Ne5 Kh7 75. Nxg6 Kg7 76. h5 Kg8 77. h6 Kh7 78. Nf4 Kg8 79. Kg6 Kh8 80. Ne6 Kg8 81. Ng5 Kh8 82. Nf7+ Kg8 83. h7+ Kf8 84. h8=Q+ Ke7 85. Qe5+ Kd7 86. Qd6+ Kc8 87.
Qc6+ Kb8 88. Nd6 Ka7 89. Qb7# 1-0

[Event "Late-Titled-Tuesday-Blitz-October-17-2023"]
[Site "Chess.com"]
[Date "2023.10.17"]
[Round "5"]
[White "familijatop71"]
[Black "Inepton_Fermion"]
[Result "0-1"]
[WhiteElo "2118"]
[BlackElo "2383"]
[TimeControl "180+1"]
[EndTime "14:56:44 PDT"]
[Termination "Inepton_Fermion won by resignation"]

1. e4 c5 2. Nf3 e6 3. d4 cxd4 4. Nxd4 Nc6 5. Nc3 Qc7 6. Be3 a6 7. g3 b5 8. Bg2 Bb7 9. O-O Nf6 10. Re1 Ne5 11. Bf4 d6 12. Bxe5 dxe5 13. Nb3 Bb4 14. Re3 O-O 15. Qe2 Rac8 16. h3 Rfd8 17. g4 Nd7 18. g5 Nb6 19. a3 Be7 20. Rg3 Nc4 21. Rb1 b4 22. axb4 Bxb4 23. Bf1 Nd6 24. Bg2 a5 25. h4 Qc4 26. Qxc4 Nxc4 27. h5 Nd2 28. Nxd2 Rxd2 29. g6 Rxc2 30. gxf7+ Kxf7 31. Bh3 Ke7 32. Rxg7+ Kf6 33. Rxb7 Bxc3 34. bxc3 R2xc3 35. R7b6 Rxh3 36. Kg2 Rxh5 37. R1b5 Rg8+ 38. Kf1 Rh1+ 39. Ke2 Ra1 40. Rc6 Ra2+ 41. Kf1 a4 42. Rbb6 Re8 43. Ra6 a3 44. Kg2 Re2 45. Kf3 Ra2 46. Ra5 Ra1 47. Raa6 a2 48. Ra7 h5 49. Rca6 Rf8 50. Rxa2 Kg5+ 51. Kg3 Rg1+ 52. Kh2 Rg4 53. Rg7+ Kf4 54. Rxg4+ Kxg4 55. Ra3 Rf4 56. Kg2 h4 57. f3+ Kg5 58.
Ra8 Rf6 59. Rg8+ Kf4 60. Rh8 Ke3 61. Rxh4 Rxf3 62. Rh6 Rf2+ 63. Kg1 Rf4 64. Rxe6 Kxe4 65. Re8 Kd4 66. Rd8+ Ke3 67. Kg2 e4 68. Re8 Rf7 69. Rd8 Ke2 70. Kg3 e3 71. Kg2 Ke1 72. Rd6 e2 73. Kg1 Rg7+ 74. Kh2 Rg5 75. Rd4 Kf2 76. Rf4+ Ke3 77. Rf8 Re5 78. Re8 Rxe8 79. Kg1 e1=Q+ 80. Kg2 Rg8+ 0-1

[Event "Late-Titled-Tuesday-Blitz-October-17-2023"]
[Site "Chess.com"]
[Date "2023.10.17"]
[Round "5"]
[White "Giorno"]
[Black "Thormento16"]
[Result "1-0"]
[WhiteElo "2544"]
[BlackElo "2340"]
[TimeControl "180+1"]
[EndTime "14:57:23 PDT"]
[Termination "Giorno won on time"]

1. Nf3 d6 2. d4 Nf6 3. Nc3 d5 4.
Bf4 e6 5. Nb5 Na6 6. e3 Be7 7.
Nc3 c5 8. Bxa6 bxa6 9. O-O O-O 10. Ne5 Bb7 11. Na4 cxd4 12. exd4 Rc8 13. c3 Bc6 14.
Nd3 Bb5 15. Re1 Ne4 16. f3 Nd6 17. Nac5 Nc4 18. a4 Be8 19. Nxa6 Qb6 20. Nac5 Nxb2 21.
a5 Nxd1 22. axb6 axb6 23. Rexd1 bxc5 24. Nxc5 g5 25. Be3 Bb5 26. Ra7 Bf6 27. Rb1 Bc6 28. Kf2 h5 29. g3 Rb8 30. Raa1 Kg7 31. Ke2 Kg6 32. h3 h4 33. g4 Rxb1 34. Rxb1 Ra8 35. Rb2 Ra3 36. Bd2 Bd8 37. Nd3 f6 38. Nc5 e5 39. dxe5 fxe5 40. Nd3 Kf6 41. Nb4 Bb5+ 42.
Kf2 Bc4 43. Nc2 Ra6 44. Be3 Ba5 45. Nb4 Ra8 46. Bd2 Rb8 47. Nxd5+ Bxd5 48. Rxb8 Ke6 49.
Bxg5 Bxc3 50. Re8+ Kd7 51. Rb8 Bc6 52. Be3 Ke6 53.
Rh8 Bd7 54. Rxh4 Kd6 55. Rh6+ Ke7 56. h4 e4 57. Rh7+ Ke8 58. h5 exf3 59. g5 Bg4 60. g6 Be5 61. h6 Bf5 62. Ra7 Bxg6 63. h7 Be4 64. Ra5 Bxh7 65. Ra7 Be4 66. Ra5 Bh7 67.
Rxe5+ Kf7 68. Kxf3 Bg6 69. Kf4 Kf6 70. Bd4 Kf7 71.
Ra5 Bc2 72. Ke5 Kg6 73. Kf4 Kf7 74. Rg5 Ke6 75. Re5+ Kd6 76. Be3 Bb3 77. Rg5 Bd5 78. Rg6+ Ke7 79. Ke5 Bf7 80. Rg7 Kf8 81. Kf6 Bc4 82.
Bc5+ Ke8 83. Ra7 Bb3 84. Ke5 Bc4 85. Bd6 Bb3 86. Kd4 Be6 87. Be5 Bb3 88. Bd6 Bf7 89.
Re7+ Kf8 90. Ke5 Kg8 91. Kf6 Bb3 92. Rg7+ Kh8 93. Be5 1-0

[Event "Late-Titled-Tuesday-Blitz-October-17-2023"]
[Site "Chess.com"]
[Date "2023.10.17"]
[Round "5"]
[White "ArtemDyachuk"]
[Black "ckgchess"]
[Result "1/2-1/2"]
[WhiteElo "2686"]
[BlackElo "2872"]
[TimeControl "180+1"]
[EndTime "14:57:54 PDT"]
[Termination "Game drawn by repetition"]

1. e4 c5 2. Nf3 d6 3. d4 cxd4 4. Nxd4 Nf6 5. Nc3 e5 6. Bb5+ Nbd7 7. Nf5 a6 8. Bc4 b5 9. Bb3 Nc5 10. Bg5 Bxf5 11. exf5 Nxb3 12. axb3 Be7 13. Bxf6 Bxf6 14.
Nd5 O-O 15. O-O e4 16. c3 Re8 17. Re1 Re5 18. b4 g6 19. fxg6 hxg6 20. Qb3 Kg7 21.
Re2 Bg5 22. g3 a5 23. bxa5 Rxa5 24. Rd1 Qa8 25. h4 Bh6 26. Kh2 Ra1 27. Ree1 Rxd1 28. Rxd1 Qc6 29. Nb4 Qc5 30. Qc2 g5 31. h5 g4 32. Rd4 Rxh5+ 33. Kg2 d5 34. Qd1 Qc8 35. Rxd5 Rxd5 36. Qxd5 e3 37. fxe3 Qe8 38. Qd4+ Kh7 39.
Qxg4 Qxe3 40. Qf5+ Kg7 41. Qg4+ Kh8 42. Qf3 Qd2+ 43.
Qf2 Qd7 44. Qd4+ Qxd4 45. cxd4 Bg7 46. Nc6 Kh7 47. Kf3 Kg6 48. Ke4 Kg5 49. Ne5 f5+ 50.
Kf3 Kf6 51. Nd3 Ke6 52. Nf4+ Kd6 53. Ke3 Bh6 54. Kd3 Bg5 55. Nh3 Bc1 56. b3 Bh6 57. Nf2 Bg7 58. g4 fxg4 59. Nxg4 Kd5 60. Ne3+ Kc6 61. Ke4 Bf8 62. Nc2 Be7 63. Ke5 Bf8 64. Ke6 Bg7 65. b4 Bf8 66. d5+ Kc7 67. Nd4 Bxb4 68.
Nxb5+ Kd8 69. Nd4 Ba3 70. Nc2 Bc5 71. Ne1 Bb4 72. Nd3 Ba3 73. Ne5 Kc7 74. Nc4 Bc5 75.
Ke5 Bb4 76. Ke4 Bc5 77. Kd3 Bb4 78. Ne3 Bf8 79. Ke4 Ba3 80. Nf5 Bf8 81. Nd4 Be7 82. Ke5 Bd6+ 83. Ke6 Bb4 84. Nc2 Bc5 85. Ne1 Bb4 86.
Nd3 Ba3 87. Ne5 Bb4 88. Ng6 Ba3 89. Nf4 Bb4 90. Ne2 Bc5 91. Nc3 Bb4 92. Nb5+ Kd8 93. Nd4 Kc7 94. Nf5 Bc5 95. Ng7 Bb4 96. Ne8+ Kd8 97.
Nf6 Kc7 98. Ne4 Ba3 99. Nf2 Bb4 100. Nd3 Ba3 101. Kf7 Kd6 102. Nf4 Bc1 103. Nd3 Bd2 104. Nc1 Bxc1 105. Kf6 Bd2 106. Kf7 Bc3 107. Kg6 Bb2 108. Kf7 Ba3 109. Kg6 Bb4 110. Kf7 Bc5 111. Kg6 Bb6 112. Kf7 Ba5 113. Kg6 Bd2 114. Kf7 Be1 115. Kg6 Bf2 116. Kf7 Bg1 117. Kg6 Bh2 118. Kf7 Be5 119. Kg6 Bc3 120. Kf7 Bb4 121. Kg6 Bc5 122. Kf7 Bb6 123. Kg6 Bd8 124. Kf7 Bb6 125. Kg6 Bc5 126. Kf7 Bb4 127. Kg6 Bc3 128. Kf7 Bb2 129. Kg6 Bc1 130. Kf7 Bd2 131. Kg6 Be3 132. Kf5 Bf2 133. Ke4 Bg1 134. Kd3 Bh2 135. Ke4 Be5 136. Kf5 Bh8 137. Ke4 Ba1 138. Kf5 Bh8 139. Ke4 Bd4 140. Kf5 Ba7 141. Ke4 Bg1 142. Kf5 Ba7 143. Ke4 Bg1 1/2-1/2

[Event "Late-Titled-Tuesday-Blitz-October-17-2023"]
[Site "Chess.com"]
[Date "2023.10.17"]
[Round "5"]
[White "GM_dmitrij"]
[Black "elprimo2012mortis"]
[Result "1/2-1/2"]
[WhiteElo "3030"]
[BlackElo "2723"]
[TimeControl "180+1"]
[EndTime "14:58:57 PDT"]
[Termination "Game drawn - insufficient material"]

1. c4 e5 2. g3 c6 3. Nf3 e4 4. Nd4 d5 5. cxd5 Qxd5 6. Nc2 Nf6 7. Nc3 Qe5 8. Bg2 Be7 9. O-O O-O 10. d3 exd3 11.
Qxd3 Rd8 12. Qe3 Nbd7 13. Rd1 Qxe3 14. Bxe3 Nb6 15. Rxd8+ Bxd8 16. Bd4 Be6 17. a4 Nbd5 18. Nxd5 Nxd5 19. a5 a6 20. e4 Nc7 21. f4 Nb5 22. Bc5 Bc7 23. b4 Rd8 24. Ne3 f6 25. Rd1 Rxd1+ 26.
Nxd1 Kf7 27. Kf2 Bb3 28. Ne3 Nc3 29. Ke1 Na4 30. Bd4 Bd6 31. Ke2 Bxb4 32. Bh3 c5 33.
Ba1 Bxa5 34. Bc8 b5 35. Bxa6 b4 36. Nc4 Bc7 37. Nd2 Ba2 38. Kd3 Nb6 39. Bb5 Ke7 40. h4 Bf7 41. Bb2 h6 42. Bc1 Nc8 43. Nc4 Nd6 44.
Nxd6 Bxd6 45. Bc4 Be8 46. Be3 Ba4 47. Bd5 Kd7 48. Kc4 Bd1 49. Kd3 b3 50. Kc3 Kc7 51. Bxb3 Bxb3 52. Kxb3 Kc6 53. Kc4 Be7 54. f5 Bd6 55. g4 Bg3 56. h5 Bd6 57. Bf2 Be7 58. Bg1 Bd6 59. Be3 Be7 60. Bd2 Bd6 61. Bc3 Be7 62. e5 fxe5 63. Bxe5 Bf8 64. Bc3 Kd7 65. Kd5 Ke8 66. Ke6 c4 67. Kd5 Kf7 68. Kxc4 Be7 69. Kd5 Bg5 70. Be5 Bh4 71. Ke4 Bg5 72. Bg3 Be7 73. Kf3 Bf6 74. Bf4 Be7 75. Ke4 Bf6 76.
Kd5 Bh4 77. Kc6 Bf6 78. Kd7 Bh4 79. Bc7 Bg5 80. Bd8 Bf4 81. Bh4 Be5 82. Kc6 Bf4 83.
Kd5 Bc7 84. Ke4 Bd6 85. f6 gxf6 86. Kf5 Be7 87. Bg3 Bd8 88. Bf4 Kg7 89. Ke6 Bb6 90. Kd5 Ba5 91. Kd4 Bb6+ 92. Kd3 Bc5 93. Bd2 Bd6 94.
Bc3 Be5 95. Bb4 Bf4 96. Ke4 Bg5 97. Bc3 Kf7 98. Kf5 Kg7 99. Bd4 Kf7 100. Bc5 Kg7 101. Ke6 Bh4 102. Be3 Bg3 103. Bd4 Bh4 104. Bc5 Bg5 105.
Bf2 Bf4 106. Bh4 Be5 107. Kf5 Bd4 108. Bg3 Bc3 109. Ke4 Bb2 110. Bf2 Ba1 111. Bc5 Bb2 112. Kd5 Ba1 113. Bd4 Bxd4 114. Kxd4 Kf7 115. Ke3 Ke7 116. Kf4 Kf8 117. Ke4 Ke8 118. Kd3 Kd7 119. Ke2 Ke6 120. Ke3 f5 121. Kf4 fxg4 122. Kxg4 Ke5 123. Kg3 Kf5 124. Kh4 Kf4 125. Kh3 Kg5 126. Kh2 Kh4 127. Kg2 Kg4 128. Kh1 Kg5 129. Kg1 Kxh5 130. Kh1 Kh4 131. Kg1 Kg5 132. Kh1 Kg4 133. Kg1 Kg3 134. Kh1 Kh3 135. Kg1 Kg3 136.
Kh1 Kg4 137. Kg1 Kh4 138. Kh1 Kg5 139. Kg1 Kg6 140. Kh1 Kg7 141. Kg1 Kf7 142. Kh1 Kf8 143. Kg1 Ke7 144. Kh2 Ke8 145. Kh3 Kd7 146. Kh4 Kd8 147. Kh5 Kc7 148. Kxh6 1/2-1/2

[Event "Late-Titled-Tuesday-Blitz-October-17-2023"]
[Site "Chess.com"]
[Date "2023.10.17"]
[Round "6"]
[White "as9killer2"]
[Black "Tunahan_Makaraci"]
[Result "0-1"]
[WhiteElo "2490"]
[BlackElo "2377"]
[TimeControl "180+1"]
[EndTime "15:00:21 PDT"]
[Termination "Tunahan_Makaraci won by resignation"]

1. c4 e6 2. Nc3 d5 3. e3 c5 4.
cxd5 exd5 5. d4 Nf6 6. Nf3 c4 7.
b3 Bb4 8. Bd2 Bxc3 9. Bxc3 Ne4 10. Bb4 a5 11. a3 axb4 12. axb4 Rxa1 13. Qxa1 Qb6 0-1

[Event "Late-Titled-Tuesday-Blitz-October-17-2023"]
[Site "Chess.com"]
[Date "2023.10.17"]
[Round "6"]
[White "jup1978"]
[Black "Levanzovsky"]
[Result "0-1"]
[WhiteElo "2526"]
[BlackElo "2434"]
[TimeControl "180+1"]
[EndTime "15:01:56 PDT"]
[Termination "Levanzovsky won by resignation"]

1. e4 e5 2. Nf3 Nc6 3. Bb5 a6 4.
Ba4 Nf6 5. d3 b5 6. Bb3 Bc5 7.
O-O h6 8. a4 Bb7 9. Be3 Bxe3 10. fxe3 d6 11. Nc3 b4 12. Nd5 Nxd5 13. Bxd5 O-O 14.
Bxc6 Bxc6 15. b3 f5 16. exf5 Rxf5 17. e4 Rf4 18. Qe1 a5 19. Qg3 Qf6 20. Nd2 Rf8 21. Qe1 d5 22. exd5 Bxd5 23. Rxf4 exf4 24. Qe2 Qxa1+ 0-1

[Event "Late-Titled-Tuesday-Blitz-October-17-2023"]
[Site "Chess.com"]
[Date "2023.10.17"]
[Round "6"]
[White "balachess2006"]
[Black "Schwindle"]
[Result "1-0"]
[WhiteElo "2599"]
[BlackElo "2409"]
[TimeControl "180+1"]
[EndTime "15:02:10 PDT"]
[Termination "balachess2006 won by resignation"]

1. Nf3 Nf6 2. c4 e6 3. Nc3 d5 4.
e3 Be7 5. b3 O-O 6. Bb2 c5 7.
cxd5 Nxd5 8. Qc2 Nc6 9. Be2 b6 10. O-O Bb7 11. Ne4 Ndb4 12. Qb1 Qd7 13. a3 Nd5 14.
Neg5 f5 15. e4 Nf4 16. Bc4 h6 17. Nxe6 Nxe6 18. exf5 Rxf5 19. Qxf5 1-0

[Event "Late-Titled-Tuesday-Blitz-October-17-2023"]
[Site "Chess.com"]
[Date "2023.10.17"]
[Round "6"]
[White "karinachess1"]
[Black "wild3000"]
[Result "1-0"]
[WhiteElo "2609"]
[BlackElo "2419"]
[TimeControl "180+1"]
[EndTime "15:02:29 PDT"]
[Termination "karinachess1 won by resignation"]

1. d4 Nf6 2. c4 e6 3. Nc3 d5 4. cxd5 exd5 5. Bg5 Be7 6. e3 c6 7. Bd3 Nbd7 8. h3 Nh5 9. Bxe7 Qxe7 10. Qxh5 Nf6 11. Qe2 O-O 12. Nf3 b6 13. O-O Bb7 14.
Ne5 Ne8 15. Rad1 f6 16. Nf3 Nd6 17. Rfe1 Rae8 18. e4 dxe4 19. Nxe4 Qd8 20. Qc2 Nf7 21. Ng3 g6 22. Bxg6 Rxe1+ 23. Rxe1 hxg6 24. Qxg6+ Kh8 25.
Nf5 1-0

[Event "Late-Titled-Tuesday-Blitz-October-17-2023"]
[Site "Chess.com"]
[Date "2023.10.17"]
[Round "6"]
[White "DarkAlekhine"]
[Black "Predator0608"]
[Result "1-0"]
[WhiteElo "2695"]
[BlackElo "2506"]
[TimeControl "180+1"]
[EndTime "15:02:43 PDT"]
[Termination "DarkAlekhine won by resignation"]

1. e4 e5 2. Nf3 Nc6 3. Bc4 Nf6 4. d3 Bc5 5. O-O d6 6. c3 O-O 7. h3 a5 8. Nbd2 Be6 9. Bb3 Nd7 10. Re1 Ne7 11.
Bc2 Ba7 12. Nf1 c5 13. a4 Rc8 14. Ne3 f5 15. Ng5 Rf6 16. Nxe6 Rxe6 17. Bb3 d5 18.
Nxd5 Kh8 19. Nxe7 Rxe7 20. exf5 Qf8 21. Bg5 c4 22. Bxe7 Qxf5 23. Bxc4 1-0

[Event "Late-Titled-Tuesday-Blitz-October-17-2023"]
[Site "Chess.com"]
[Date "2023.10.17"]
[Round "6"]
[White "KNVB"]
[Black "victormago"]
[Result "1-0"]
[WhiteElo "2626"]
[BlackElo "2452"]
[TimeControl "180+1"]
[EndTime "15:02:46 PDT"]
[Termination "KNVB won by checkmate"]

1. d4 Nf6 2. Nc3 d5 3. Bf4 a6 4. e3 Bf5 5. Nf3 e6 6. Ne5 c5 7. g4 Bg6 8. h4 cxd4 9. exd4 h5 10. Nxg6 fxg6 11. g5 Nfd7 12. Bd3 Kf7 13. Qf3 Kg8 14.
Nxd5 exd5 15. Qxd5+ Kh7 16. Bxg6+ Kxg6 17. Qe4+ Kf7 18.
g6+ Kg8 19. Qd5# 1-0

[Event "Late-Titled-Tuesday-Blitz-October-17-2023"]
[Site "Chess.com"]
[Date "2023.10.17"]
[Round "6"]
[White "ellatambien"]
[Black "Inepton_Fermion"]
[Result "1-0"]
[WhiteElo "2604"]
[BlackElo "2379"]
[TimeControl "180+1"]
[EndTime "15:03:02 PDT"]
[Termination "ellatambien won by resignation"]

1. e4 c5 2. Nf3 e6 3. d3 Nc6 4. g3 d5 5. Qe2 Be7 6. Bg2 Nf6 7.
O-O O-O 8. e5 Nd7 9. c4 d4 10.
h4 h6 11. Bf4 Re8 12. a3 Bf8 13. Nbd2 Rb8 14. Ne4 a6 15. Rab1 b5 16. b3 Qa5 17.
Bd2 Qc7 18. Bf4 Qa5 19. Nfd2 Ncxe5 20. Bxe5 Nxe5 21. Nxc5 Qxa3 22. Qxe5 Qxc5 23. Qxb8 1-0

[Event "Late-Titled-Tuesday-Blitz-October-17-2023"]
[Site "Chess.com"]
[Date "2023.10.17"]
[Round "6"]
[White "LogoCzar"]
[Black "dosto07"]
[Result "1-0"]
[WhiteElo "2411"]
[BlackElo "2502"]
[TimeControl "180+1"]
[EndTime "15:03:31 PDT"]
[Termination "LogoCzar won by resignation"]

1. e4 e5 2. Nf3 Nc6 3. Bb5 a6 4. Ba4 Nf6 5. O-O Be7 6. Re1 b5 7. Bb3 d6 8. c3 O-O 9. h3 Bb7 10. d4 Re8 11. Nbd2 Bf8 12. d5 Nb8 13. Nf1 c6 14. dxc6 Bxc6 15. Ng3 Nbd7 16. Bg5 h6 17. Bxf6 Nxf6 18. Nh2 g6 19. Ng4 Nxg4 20. Qxg4 Qf6 21. Nh5 Qg5 22. Qxg5 hxg5 23. Nf6+ Kg7 24. Nxe8+ Rxe8 25. Rad1 a5 26. Bd5 Bd7 27. Rd3 Rc8 28. Rf3 f6 29. Rd1 Be7 30. Rfd3 f5 31. f3 Bd8 32. Bb7 Bb6+ 33. Kh2 Rc7 34. Rxd6 Rxb7 35. Rxd7+ Rxd7 36. Rxd7+ Kf8 37. Rb7 Be3 38. exf5 gxf5 39. Rxb5 a4 40. g3 e4 41. Rxf5+ 1-0

[Event "Late-Titled-Tuesday-Blitz-October-17-2023"]
[Site "Chess.com"]
[Date "2023.10.17"]
[Round "6"]
[White "Jospem"]
[Black "sergiochess83"]
[Result "1-0"]
[WhiteElo "3130"]
[BlackElo "2853"]
[TimeControl "180+1"]
[EndTime "15:03:32 PDT"]
[Termination "Jospem won by resignation"]

1. e4 e5 2. Nf3 Nc6 3. Bb5 a6 4. Ba4 Nf6 5. d3 b5 6. Bb3 Bc5 7. c3 d6 8. h3 h6 9. Nbd2 O-O 10. Qe2 Bb6 11. g4 Ne7 12. Nf1 Ng6 13. Ng3 Nf4 14. Bxf4 exf4 15. Nf5 a5 16. a3 Be6 17. Bxe6 fxe6 18. N5h4 Nd7 19. d4 c6 20. Rd1 Qf6 21.
e5 dxe5 22. dxe5 Qf7 23. g5 Nc5 24. gxh6 Rad8 25. Rg1 Qh5 26. Rxg7+ 1-0

[Event "Late-Titled-Tuesday-Blitz-October-17-2023"]
[Site "Chess.com"]
[Date "2023.10.17"]
[Round "6"]
[White "TanitoluwaAps116"]
[Black "SereneSalmon"]
[Result "1-0"]
[WhiteElo "2626"]
[BlackElo "2441"]
[TimeControl "180+1"]
[EndTime "15:03:45 PDT"]
[Termination "TanitoluwaAps116 won by resignation"]

1. e4 e6 2. d4 d5 3. exd5 exd5 4. Nf3 Nf6 5. Bd3 Bd6 6. O-O O-O 7. h3 h6 8. Nc3 a6 9. Ne2 Nc6 10. c3 Re8 11.
Bf4 Be6 12. Qd2 Ne7 13. Rae1 Ng6 14. Bxg6 fxg6 15. Bxd6 Qxd6 16. Ne5 Ne4 17. Qe3 Bf5 18. f3 Nf6 19. Ng3 Kh7 20. Nxf5 gxf5 21. Qd3 g6 22. g4 Rg8 23. gxf5 gxf5+ 24. Kh1 Qe6 25. Ng4 Qf7 26. Qxf5+ Kg7 27. Nxf6 Qxf6 28. Rg1+ Kf7 29. Qxd5+ 1-0

[Event "Late-Titled-Tuesday-Blitz-October-17-2023"]
[Site "Chess.com"]
[Date "2023.10.17"]
[Round "6"]
[White "icy"]
[Black "expii"]
[Result "1-0"]
[WhiteElo "2414"]
[BlackElo "2252"]
[TimeControl "180+1"]
[EndTime "15:03:59 PDT"]
[Termination "icy won by resignation"]

1. Nf3 d5 2. g3 c5 3. Bg2 Nc6 4. d4 e6 5. O-O Nf6 6. c4 dxc4 7.
dxc5 Qxd1 8. Rxd1 Bxc5 9. Nbd2 c3 10. bxc3 O-O 11. Nb3 Bb6 12. Nfd4 Nxd4 13. Nxd4 e5 14. Nb5 a6 15. Nd6 Rd8 16. Ba3 Rb8 17. Nc4 Bc7 18. Nxe5 Rxd1+ 19. Rxd1 Bf5 20. Nf3 Rd8 21. Rxd8+ Bxd8 22. Nd4 Bc8 23. Nb3 Bb6 24. Nc5 Ng4 25.
h3 Ne5 26. Nxb7 Bxb7 27. Bxb7 Nc4 28. Bc1 1-0

[Event "Late-Titled-Tuesday-Blitz-October-17-2023"]
[Site "Chess.com"]
[Date "2023.10.17"]
[Round "6"]
[White "Bala-Afiada"]
[Black "VdovinDmitry"]
[Result "1-0"]
[WhiteElo "1915"]
[BlackElo "2095"]
[TimeControl "180+1"]
[EndTime "15:04:01 PDT"]
[Termination "Bala-Afiada won by resignation"]

1. d4 d5 2. c4 c6 3. Nf3 Nf6 4. g3 Bg4 5. Bg2 e6 6. O-O Be7 7. Nbd2 O-O 8. Qc2 Nbd7 9. e4 dxe4 10. Nxe4 Bf5 11. Ne5 Nxe5 12. dxe5 Nxe4 13. Bxe4 Bxe4 14.
Qxe4 Qb6 15. Be3 Bc5 16. Bxc5 Qxc5 17. Rad1 Rfd8 18. b3 g6 19. Kg2 a5 20. Qe2 a4 21.
f4 Kg7 22. Rxd8 Rxd8 23. Rd1 Rd4 24. Qe3 Rd5 25. Qxc5 Rxc5 26. Rd4 a3 27. b4 1-0

[Event "Late-Titled-Tuesday-Blitz-October-17-2023"]
[Site "Chess.com"]
[Date "2023.10.17"]
[Round "6"]
[White "arminmusovic"]
[Black "nochewycandy"]
[Result "0-1"]
[WhiteElo "2477"]
[BlackElo "2722"]
[TimeControl "180+1"]
[EndTime "15:04:02 PDT"]
[Termination "nochewycandy won by resignation"]

1. a3 g6 2. Nc3 Bg7 3. e4 d6 4.
Bc4 e6 5. d4 a6 6. Ba2 Ne7 7.
h4 h6 8. Nge2 Nd7 9. Be3 b6 10.
Qd2 Bb7 11. f3 c5 12. O-O-O Qc7 13. dxc5 dxc5 14. Qd6 Qxd6 15. Rxd6 Be5 16. Rd2 b5 17. Rhd1 Bc6 18. Kb1 b4 19. axb4 cxb4 20. Nd5 exd5 21. exd5 Bb7 22. f4 Bd6 23. g4 h5 24. Bd4 Rg8 25.
g5 Nf5 26. Bf2 O-O-O 27. c3 bxc3 28. Rc2 Rge8 29. Nxc3 Kb8 30. Ne2 Rc8 31. Rcd2 Nc5 32. Nd4 Ne4 33. Re2 Nxd4 34. Bxd4 Nc3+ 35. bxc3 Rxe2 36.
Bc4 Rxc4 37. Re1 Rxe1+ 0-1

[Event "Late-Titled-Tuesday-Blitz-October-17-2023"]
[Site "Chess.com"]
[Date "2023.10.17"]
[Round "6"]
[White "Smiechu"]
[Black "Mikasinski"]
[Result "1-0"]
[WhiteElo "2525"]
[BlackElo "2677"]
[TimeControl "180+1"]
[EndTime "15:04:05 PDT"]
[Termination "Smiechu won by resignation"]

1. e4 c5 2. Nf3 d6 3. d4 cxd4 4. Nxd4 Nf6 5. Nc3 g6 6. Be3 Bg7 7. f3 O-O 8. Qd2 Nc6 9. Bc4 Bd7 10. h4 Rc8 11. Bb3 h5 12. O-O-O Ne5 13. Bg5 Rc5 14. Kb1 Re8 15. g4 hxg4 16. h5 Nxh5 17. Rxh5 gxh5 18. Qh2 gxf3 19. Qxh5 Bg4 20. Qh4 f2 21. Rh1 f1=Q+ 22. Rxf1 Rxc3 23. bxc3 d5 24. Rh1 Qb6 25. Qh7+ Kf8 26.
Bh6 e6 27. Qxg7+ Ke7 28. Qxe5 1-0

[Event "Late-Titled-Tuesday-Blitz-October-17-2023"]
[Site "Chess.com"]
[Date "2023.10.17"]
[Round "6"]
[White "OLDTERMINATOR"]
[Black "Sacbutt"]
[Result "0-1"]
[WhiteElo "1647"]
[BlackElo "2221"]
[TimeControl "180+1"]
[EndTime "15:04:07 PDT"]
[Termination "Sacbutt won on time"]

1. e4 c5 2. Nf3 d6 3. d4 cxd4 4. Nxd4 Nf6 5. Nc3 a6 6. Bg5 e6 7. f4 Be7 8. Bd3 Nbd7 9. Qe2 Qc7 10. O-O-O h6 11. Bh4 b5 12. a3 Bb7 13. Rhe1 Rc8 14.
e5 dxe5 15. fxe5 Ng8 16. Nxe6 fxe6 17. Bg6+ Kd8 18. Bg3 Bg5+ 19. Kb1 Ne7 0-1